 Dungeon Crawl Stone Soup version 0.20-a0-277-g7db01f4 (webtiles) character file.

8474 snakesoul the Spear-Bearer (level 11, -5/156 HPs)
             Began as a Minotaur Berserker on Dec 11, 2016.
             Was a High Priest of Trog.
             Slain by a hell knight
             ... wielding a +4 halberd of draining
              (24 damage)
             ... on level 9 of the Dungeon.
             The game lasted 00:17:16 (9829 turns).

snakesoul the Spear-Bearer (Minotaur Berserker)     Turns: 9829, Time: 00:17:17

Health: -5/156     AC: 10    Str: 27    XL:     11   Next: 10%
Magic:  10/10      EV:  8    Int:  4    God:    Trog [*****.]
Gold:   551        SH:  0    Dex: 17    Spells: 10/10 levels left

rFire  + + .     SeeInvis +     A - +2 trident of Xodix {pierce, rPois Dex+4 Stlth+}
rCold  . . .     Gourm    .     b - +0 chain mail {rF+}
rNeg   . . .     Faith    .     (no shield)
rPois  +         Spirit   .     (helmet restricted)
rElec  .         Reflect  .     M - +0 cloak
rCorr  .         Harm     .     (no gloves)
MR     .....                    z - +0 pair of boots
Stlth  ..........               (no amulet)
                                j - ring of protection from fire
                                d - ring of see invisible

@: berserking, slowed, heavily drained
A: retaliatory headbutt, horns 2
a: Berserk, Trog's Hand, Brothers in Arms, Burn Spellbooks, Renounce Religion


You were on level 9 of the Dungeon.
You worshipped Trog.
Trog was extremely pleased with you.
You were not hungry.

You visited 1 branch of the dungeon, and saw 9 of its levels.
You also visited: Sewer.

You collected 551 gold pieces.

Inventory:

Hand Weapons
 A - the +2 trident of Xodix (weapon) {pierce, rPois Dex+4 Stlth+}
   (You found it on level 4 of the Dungeon)

   It inflicts extra damage upon your enemies.
   It affects your dexterity (+4).
   It protects you from poison.
   It makes you more stealthy.
Missiles
 k - 23 tomahawks (quivered)
 w - 2 javelins
 C - 6 javelins of returning
Armour
 b - a +0 chain mail of fire resistance (worn)
 z - a +0 pair of boots (worn)
 M - a +0 cloak (worn)
Jewellery
 d - a ring of see invisible (left hand)
 j - a ring of protection from fire (right hand)
 G - an uncursed ring of protection from magic
 L - an uncursed ring of resist corrosion
 P - an uncursed ring of protection from cold
Wands
 q - a wand of flame (33/48)
 R - a wand of lightning (6/15)
 S - a wand of polymorph (12/24)
 V - a wand of polymorph (8/24)
Scrolls
 e - 5 scrolls of remove curse
 m - 5 scrolls of identify
 n - 3 scrolls of teleportation {unknown}
 r - a scroll of blinking {unknown}
 v - a scroll of noise {unknown}
 y - 2 scrolls of fog {unknown}
 F - a scroll of vulnerability {unknown}
 J - 2 scrolls of enchant weapon {unknown}
 O - a scroll of torment {unknown}
 T - a scroll of magic mapping {unknown}
 W - a scroll of recharging {unknown}
Potions
 a - 2 potions of might {unknown}
 g - 3 potions of degeneration
 h - a potion of cancellation {unknown}
 o - 5 potions of curing {unknown}
 p - 2 potions of resistance {unknown}
 s - a potion of brilliance {unknown}
 t - 3 potions of magic
 u - 2 potions of haste {unknown}
 x - 3 potions of lignification {unknown}
 B - a potion of mutation {unknown}
 D - 7 potions of heal wounds {unknown}
 E - a potion of cure mutation {unknown}
 H - a potion of agility {unknown}
 I - 2 potions of flight {unknown}
 K - 2 potions of ambrosia {unknown}
 N - a potion of berserk rage {unknown}
 Q - a potion of beneficial mutation {unknown}
Comestibles
 c - 10 bread rations
 f - a royal jelly
 i - 4 meat rations
 l - 2 fruits
 U - a beef jerky


   Skills:
 + Level 12.0(10.2) Fighting
   Level 8.1(10.6) Axes
 * Level 14.5(13.4) Polearms
 - Level 2.4(1.0) Armour
 - Level 2.1(0.8) Dodging


You had 10 spell levels left.
You didn't know any spells.

Dungeon Overview and Level Annotations

Branches:
Dungeon (9/15)             Temple (0/1) D:6            Lair (0/6) D:9
    Orc: D:9-12

Altars:
Ashenzari
Cheibriados
Dithmenos
Fedhas
Hepliaklqana
Kikubaaqudgha
Makhleb
Nemelex Xobeh
Okawaru
Ru
Vehumet
The Shining One

Shops:
D:4 *(!


Innate Abilities, Weirdness & Mutations

You reflexively headbutt those who attack you in melee.
You have a pair of horns on your head.


Message History

The freezing wraith hits you! The freezing wraith freezes you!!
The freezing wraith hits you!
* * * LOW HITPOINT WARNING * * *
The hell knight hits you from afar with a halberd of draining!!
* * * LOW HITPOINT WARNING * * *
You feel drained.
* * * LOW HITPOINT WARNING * * *
A jelly and an orc priest come into view.
You are too injured to fight recklessly!
Unknown command.
You are too injured to fight recklessly!
Unknown command.
You puncture the freezing wraith!
You destroy the freezing wraith!
Trog accepts your kill.
Your base Fighting skill increases to level 12!
The orc priest looks braver for a moment.
The hell knight mumbles some strange words.
The hell knight hits you with a halberd of draining!!
You die...

#..............# ######
#..............# #.....
#....8####8....# #.####
#....'....'....# #.#
#....8#..#8....# #.#
#..####')####).#####.#
##)# #..# #......#.# #
#.# #.)# #.).##.#.# #
#.# #.@# #.#)##.#.# #
#.# #Jp# #.#)##.#.# #
#)##....o ##.#(##.#.# #
#..########..#.##.#.####
#.[..).......#.##.#.....
####.###)..#.#.##.######
#......##.#.##.######
###)#.....#.##.......
#.##.####.########.


You could see a hell knight, a jelly and an orc priest.

Vanquished Creatures
  Erica (D:9)
  A tengu warrior (D:9)
  The ghost of gamerape the Covert, a novice OpAs of Dithmenos (D:9)
  Pikel (D:7)
  A gargoyle (D:9)
  A freezing wraith (D:9)
  A spriggan (D:8)
  2 wyverns (D:8)
  A hungry ghost (D:8)
  A steam dragon (D:8)
  Menkaure (D:7)
  Duvessa (D:6)
  2 ice beasts
  6 orc warriors
  2 sky beasts
  3 slaves (D:7)
  2 phantoms
  6 ogres
  3 centaurs
  2 big kobolds
  A bullfrog (D:4)
  A gnoll sergeant (D:5)
  Dowan (D:6)
  5 scorpions
  A killer bee (D:8)
  5 wights (D:9)
  9 crimson imps
  2 jellies
  Crazy Yiuf (D:7)
  3 hounds
  5 gnoll shamans
  5 orc priests
  12 orc wizards
  Natasha (thrice) (D:3)
  2 iguanas (D:9)
  5 worker ants
  7 adders
  36 gnolls
  4 shadow imps
  An adder zombie (D:8)
  3 worms
  4 dart slugs
  5 leopard geckos
  47 orcs
  4 ball pythons
  7 giant cockroaches
  3 goblins
  7 hobgoblins
  19 jackals
  28 kobolds
  4 quokkas
  9 bats
  9 frilled lizards
  A jackal zombie (D:8)
  A leopard gecko zombie (D:5)
  2 quokka skeletons
  13 rats
314 creatures vanquished.

Vanquished Creatures (others)
  2 plants (D:7)
2 creatures vanquished.

Grand Total: 316 creatures vanquished

Notes
Turn   | Place    | Note
-------+----------+-------------------------------------------
     0 | D:1      | snakesoul the Minotaur Berserker began the quest for the Orb.
     0 | D:1      | Reached XP level 1. HP: 19/19 MP: 0/0
    63 | D:1      | Reached XP level 2. HP: 25/27 MP: 1/1
   562 | D:1      | Reached ** piety under Trog
   638 | D:1      | You fall through a shaft!
   644 | D:2      | Reached XP level 3. HP: 34/34 MP: 2/2
  1015 | D:2      | Reached skill level 5 in Axes
  1039 | D:2      | Found an iron altar of Okawaru.
  1198 | D:2      | Found a shattered altar of Ashenzari.
  1204 | D:2      | Reached XP level 4. HP: 38/41 MP: 3/3
  1584 | D:3      | Noticed an orc warrior
  1591 | D:3      | Killed an orc warrior
  1591 | D:3      | Reached skill level 5 in Fighting
  1591 | D:3      | Reached XP level 5. HP: 29/48 MP: 4/4
  1863 | D:3      | Noticed Natasha
  1874 | D:3      | Killed Natasha
  1874 | D:3      | Reached XP level 6. HP: 47/57 MP: 5/5
  1914 | D:3      | Reached *** piety under Trog
  2263 | D:3      | Noticed Natasha
  2270 | D:3      | Killed Natasha
  2552 | D:3      | Noticed Natasha
  2558 | D:3      | Killed Natasha
  2618 | D:4      | Reached XP level 7. HP: 33/64 MP: 6/6
  2797 | D:4      | Got a warped trident
  2799 | D:4      | Identified the cursed +2 trident of Xodix {pierce, rPois Dex+4 Stlth+} (You found it on level 4 of the Dungeon)
  2982 | D:4      | Found Venusost's Antique Weapon Emporium.
  3054 | D:4      | Reached skill level 2 in Polearms
  3174 | D:4      | Found Uvuuv Fanu's Distillery.
  3283 | D:4      | Found Teanargh's Assorted Antiques.
  3508 | D:4      | Reached skill level 3 in Polearms
  3524 | D:5      | Entered Level 5 of the Dungeon
  3550 | D:5      | Reached skill level 4 in Polearms
  3675 | D:5      | Reached **** piety under Trog
  3926 | D:5      | Reached skill level 5 in Polearms
  3926 | D:5      | Reached XP level 8. HP: 69/73 MP: 7/7
  4122 | D:5      | Reached skill level 6 in Polearms
  4456 | D:5      | Received a gift from Trog
  4456 | D:5      | Reached skill level 7 in Polearms
  4860 | D:5      | Reached skill level 8 in Polearms
  4939 | D:5      | Reached ***** piety under Trog
  5130 | D:5      | Found a faded altar of an unknown god.
  5130 | D:5      | Found a hazy altar of Hepliaklqana.
  5135 | D:5      | Found a faded altar of an unknown god.
  5137 | D:5      | Found a radiant altar of Vehumet.
  5139 | D:5      | Found a burning altar of Makhleb.
  5289 | D:5      | Received a gift from Trog
  5298 | D:5      | Reached XP level 9. HP: 80/82 MP: 8/8
  5406 | D:6      | Noticed Duvessa
  5408 | D:6      | Noticed Dowan
  5411 | D:6      | Killed Duvessa
  5411 | D:6      | Reached skill level 9 in Polearms
  5414 | D:6      | Killed Dowan
  5673 | D:6      | Found a staircase to the Ecumenical Temple.
  5735 | D:6      | Found a glowing drain.
  5739 | Sewer    | Entered a sewer
  6147 | D:6      | Found a snail-covered altar of Cheibriados.
  6424 | D:6      | Reached skill level 10 in Polearms
  6551 | D:7      | Found a runed door.
  6633 | D:7      | Noticed Menkaure
  6641 | D:7      | Killed Menkaure
  6728 | D:7      | Found a blossoming altar of Fedhas.
  6836 | D:7      | Noticed Pikel
  6849 | D:7      | Killed Pikel
  6849 | D:7      | Reached skill level 10 in Fighting
  6849 | D:7      | Reached skill level 11 in Polearms
  7440 | D:7      | Noticed Crazy Yiuf
  7445 | D:7      | Killed Crazy Yiuf
  7682 | D:8      | Found a sacrificial altar of Ru.
  7682 | D:8      | Found a shadowy altar of Dithmenos.
  7744 | D:8      | Found a sparkling altar of Nemelex Xobeh.
  7767 | D:8      | Reached XP level 10. HP: 65/94 MP: 9/9
  7776 | D:8      | Reached skill level 12 in Polearms
  8094 | D:8      | Found an ancient bone altar of Kikubaaqudgha.
  8215 | D:8      | Found a glowing golden altar of the Shining One.
  8507 | D:9      | Noticed Erica
  8514 | D:9      | Killed Erica
  8514 | D:9      | Reached skill level 13 in Polearms
  8967 | D:9      | Noticed a tengu warrior
  8977 | D:9      | Noticed a gargoyle
  8995 | D:9      | Killed a tengu warrior
  9013 | D:9      | Killed a gargoyle
  9013 | D:9      | Reached skill level 14 in Polearms
  9298 | D:9      | Found a large runed door.
  9299 | D:9      | Found a large runed door.
  9486 | D:9      | Found a staircase to the Lair.
  9576 | D:9      | Noticed gamerape's ghost (novice OpAs)
  9589 | D:9      | Killed gamerape's ghost
  9589 | D:9      | Reached XP level 11. HP: 104/104 MP: 10/10
  9818 | D:9      | Noticed a hell knight
  9829 | D:9      | Slain by a hell knight

Vault maps used:
D:1:      sevenhm_arrival_forest_fort_small_4
D:2:      old_standard_altar, okawaru_metal_pillars_1_2
D:3:      first_bread, uniq_natasha
D:4:      serial_shops, kennysheep_mini_moat, shop_fountains, shop
D:5:      lemuel_castle_with_subvaults, chequers_temple_overflow_minitemple,
          hangedman_decor_riveting
D:6:      marbit_many_paths, gup_sewer_entry_bowl, uniq_duvessa
D:7:      fedhas_altar_decomposition, uniq_pikel, uniq_menkaure,
          uniq_crazy_yiuf_cottage
D:8:      lemuel_crystal_altar, grunt_temple_overflow_open, the_bakery
D:9:      cheibrodos_iron_armory, lair_entry_dummy, jmf_multi_god_temple2,
          uniq_erica
Sewer:    kennysheep_pipe_town

Skill      XL: |  1  2  3  4  5  6  7  8  9 10 11 |
---------------+----------------------------------+-----
Axes           | 4 5 6 8 |  8.1
Fighting       | 4 5 6 7 8 10 11 12 | 12.0
Polearms       | 5 8 11 14 | 14.5
Armour         | |  2.4
Dodging        | |  2.1

Action                   |  1- 3 |  4- 6 |  7- 9 | 10-12 || total
-------------------------+-------+-------+-------+-------++-------
Melee: Hand axe          |    99 |    97 |     2 |       ||   198
       Headbutt          |    15 |    16 |    71 |    25 ||   127
       Trident           |       |       |   513 |   200 ||   713
Invok: Berserk           |       |     2 |     3 |     5 ||    10
  Use: Scroll            |       |       |     5 |     1 ||     6
       Potion            |       |       |     2 |       ||     2
 Stab: Distracted        |       |       |     3 |       ||     3
       Sleeping          |       |       |     1 |       ||     1
  Eat: Chunk             |     1 |     6 |    20 |    10 ||    37
       Bread ration      |       |       |       |     1 ||     1
Armor: Animal skin       |     9 |       |       |       ||     9
       Scale mail        |    18 |    34 |    82 |       ||   134
       Chain mail        |       |       |    10 |    46 ||    56
Dodge: Dodged            |    48 |    50 |   141 |    43 ||   282
